Map: [ESL] Moondance

Players

NightPhoenix

  • Race: Protoss Protoss
  • Spawn Location: 6:00

milkicow - Winner!

  • Race: Terran Terran
  • Spawn Location: 12:00

Event: DreamHack SC2 Masters 2022 Atlanta (Online)

VOD

Have the link to the VOD?

Description

Time

  • Played on: Sept. 29, 2022, 1:37 p.m.
  • Length: 12:37

All games in this series

Show
View Real Time Build Order
Export as new Build Order

NightPhoenix Protoss 

Build Orders: 1 Gate Expand, Phoenix Opening 

Get SALT Encoding   

  12  0:00  Probe  
  13  0:12  Probe  
  14  0:19  Pylon  
  14  0:24  Probe (Chrono Boost)  
  15  0:37  Gateway  
  15  0:39  Probe (Chrono Boost)  
  16  0:43  Probe (Chrono Boost)  
  16  0:46  Assimilator  
  17  0:54  Probe  
  18  1:06  Probe  
  19  1:18  Probe  
  19  1:24  Nexus  
  20  1:34  Cybernetics Core  
  20  1:36  Probe  
  21  1:41  Assimilator  
  21  1:51  Pylon  
  21  1:53  Probe  
  22  2:05  Probe  
  22  2:07  Adept (Chrono Boost)  
  24  2:17  Probe  
  24  2:18  Stargate  
  25  2:25  Warp Gate  
  25  2:27  Adept (Chrono Boost)  
  26  2:30  Probe (Chrono Boost)  
  28  2:37  Probe (Chrono Boost)  
  30  2:47  Probe (Chrono Boost)  
  30  2:48  Probe (Chrono Boost)  
  31  2:53  Probe x2 (Chrono Boost)  
  32  3:02  Phoenix  
  32  3:05  Adept, Probe x2  
  38  3:17  Probe  
  38  3:21  Probe  
  39  3:29  Phoenix, Probe  
  42  3:35  Adept, Probe, Pylon  
  46  3:41  Probe  
  46  3:43  Assimilator  
  46  3:49  Robotics Facility  
  46  3:53  Probe  
  47  3:57  Probe  
  47  4:05  Probe  
  48  4:11  Phoenix (Chrono Boost), Probe  
  48  4:14  Adept  
  51  4:17  Probe  
  51  4:19  Gateway  
  51  4:23  Probe  
  53  4:29  Probe  
  54  4:45  Observer (Chrono Boost)  
  54  4:46  Pylon  
  54  4:55  Nexus  
  54  4:58  Robotics Bay  
  54  4:59  Pylon  
  54  5:04  Phoenix, Observer  
  54  5:05  Gateway  
  57  5:08  Forge  
  57  5:09  Probe  
  57  5:12  Probe  
  57  5:26  Adept x2  
  61  5:28  Probe x2  
  61  5:32  Phoenix (Chrono Boost)  
  65  5:40  Probe x2  
  65  5:41  Observer  
  68  5:48  Pylon  
  68  5:49  Phoenix (Chrono Boost)  
  68  5:57  Pylon  
  70  5:59  Photon Cannon  
  70  6:02  Observer  
  70  6:03  Photon Cannon  
  70  6:06  Probe x2  
  70  6:08  Colossus (Chrono Boost)  
  72  6:16  Observer, Probe  
  79  6:18  Probe  
  79  6:22  Probe  
  79  6:23  Observer  
  81  6:25  Pylon  
  81  6:28  Probe, Stalker  
  81  6:29  Stalker  
  81  6:32  Stalker  
  88  6:37  Probe x2  
  90  6:47  Observer  
  90  6:48  Probe  
  90  6:49  Probe x2  
  90  6:52  Warp Prism (Chrono Boost)  
  95  6:57  Stalker x2  
  97  7:15  Stalker  
  99  7:24  Gateway  
  99  7:26  Gateway  
  99  7:28  Sentry x2, Gateway  
  103  7:34  Probe x2  
  105  7:39  Observer  
  105  7:41  Stalker  
  105  7:42  Probe  
  108  7:45  Pylon  
  108  7:46  Probe  
  108  7:47  Pylon  
  108  7:50  Photon Cannon  
  107  8:04  Stalker x3  
  113  8:18  Colossus (Chrono Boost)  
  100  8:40  Stalker x5  
  110  8:45  Stalker  
  110  8:47  Probe x3  
  115  8:48  Protoss Ground Weapons Level 1 (Chrono Boost)  
  115  8:51  Assimilator  
  115  8:59  Probe x3, Gateway x3  
  115  9:00  Nexus, Gateway  
  115  9:01  Pylon  
  115  9:02  Gateway  
  118  9:04  Pylon  
  118  9:17  Colossus (Chrono Boost)  
  124  9:29  Probe x3  
  127  9:35  Pylon  
  127  9:41  Assimilator  
  127  9:44  Twilight Council  
  127  9:45  Pylon  
  127  9:46  Gateway  
  127  9:50  Adept x2, Gateway  
  127  9:51  Adept x2  
  135  9:55  Gateway  
  132  10:02  Photon Cannon  
  132  10:04  Disruptor (Chrono Boost)  
  116  10:08  Charge (Chrono Boost)  
  116  10:12  Probe x3  
  116  10:13  Probe  
  123  10:26  Zealot  
  123  10:27  Zealot x3  
  131  10:29  Probe x3  
  131  10:31  Stalker x4  
  136  10:41  Stalker  
  136  10:42  Stalker x2  
  136  10:50  Shield Battery  
  136  10:52  Shield Battery, Disruptor (Chrono Boost)  
  136  10:53  Pylon  
  139  10:58  Pylon  
  139  10:59  Probe x3  
  139  11:01  Probe, Assimilator  
  143  11:05  Assimilator  
  143  11:08  Pylon  
  143  11:09  Pylon  
  143  11:10  Pylon  
  106  11:33  Stalker x3  
  106  11:35  Stalker x4  
  106  11:36  Zealot x5  
  106  11:38  Probe x2  
  98  11:42  Stalker  
  97  11:49  Zealot  
  88  11:56  Zealot x3  
  88  11:57  Zealot  
  88  11:58  Zealot x2  
  88  11:59  Zealot  
  87  12:05  Zealot x2  
  85  12:11  Zealot  
  85  12:14  Probe x2  
  73  12:17  Zealot x3  
  73  12:19  Probe x2  
  75  12:25  Zealot x3  
  75  12:29  Zealot  
Show
View Real Time Build Order
Export as new Build Order

milkicow Terran - Winner!

Build Orders:  

Get SALT Encoding   

  12  0:01  SCV  
  13  0:13  SCV  
  14  0:17  Supply Depot  
  14  0:26  SCV  
  15  0:40  SCV  
  15  0:41  Barracks  
  16  0:43  Refinery  
  16  0:52  SCV  
  16  0:53  Refinery  
  17  1:04  SCV  
  18  1:16  SCV  
  19  1:30  Reaper  
  19  1:31  Orbital Command  
  20  1:33  Supply Depot  
  20  1:44  Factory  
  20  1:59  SCV  
  21  2:02  Barracks Reactor  
  21  2:12  SCV  
  22  2:21  Command Center  
  22  2:25  SCV  
  22  2:28  Hellion  
  25  2:37  Starport  
  25  2:41  Supply Depot  
  25  2:44  Marine  
  26  2:47  Marine  
  26  2:49  SCV  
  28  2:57  Widow Mine  
  30  3:01  SCV  
  30  3:06  Marine x2  
  32  3:13  SCV  
  32  3:18  Medivac  
  35  3:26  SCV  
  36  3:32  Orbital Command  
  36  3:34  Widow Mine  
  36  3:35  Widow Mine  
  36  3:38  SCV  
  41  3:48  Armory  
  41  3:50  SCV  
  42  3:59  Widow Mine x2  
  42  4:02  SCV  
  47  4:05  SCV  
  46  4:12  Medivac  
  46  4:14  SCV  
  49  4:17  SCV  
  49  4:22  Widow Mine x2  
  54  4:26  Supply Depot  
  54  4:30  SCV x2  
  52  4:42  SCV x2, Barracks Tech Lab  
  54  4:48  Widow Mine x2  
  54  4:50  Command Center  
  58  4:53  Medivac  
  58  4:54  SCV x2  
  58  4:55  Supply Depot  
  62  5:06  SCV  
  61  5:07  SCV, Barracks  
  61  5:08  Barracks  
  62  5:15  Supply Depot  
  62  5:17  Widow Mine x2  
  62  5:24  SCV x2  
  62  5:27  Stimpack  
  62  5:31  Engineering Bay  
  62  5:33  Refinery  
  62  5:34  Refinery  
  62  5:36  Engineering Bay, SCV  
  62  5:38  SCV  
  62  5:39  Supply Depot  
  62  5:40  Widow Mine  
  62  5:42  Widow Mine  
  68  5:48  SCV  
  69  5:56  Barracks Reactor x2  
  69  5:58  SCV  
  69  6:00  SCV  
  69  6:04  Barracks, Terran Infantry Weapons Level 1  
  71  6:05  Barracks, Orbital Command  
  71  6:10  SCV  
  72  6:12  SCV, Widow Mine, Marine  
  72  6:13  Widow Mine  
  78  6:19  Terran Infantry Armor Level 1  
  78  6:22  SCV  
  77  6:29  SCV  
  77  6:30  Marine  
  77  6:32  Marine x2  
  79  6:33  Marine  
  79  6:37  Marine  
  83  6:43  SCV, Orbital Command  
  83  6:44  Widow Mine  
  83  6:45  Widow Mine  
  84  6:48  SCV, Marine  
  84  6:50  Marine x3  
  84  6:51  Ghost Academy  
  84  6:54  Starport Reactor  
  89  6:55  SCV, Barracks Tech Lab x2, Marine  
  89  7:00  SCV  
  90  7:06  Marauder  
  90  7:07  SCV  
  90  7:08  SCV, Marine x2  
  93  7:10  Marine  
  93  7:13  SCV  
  94  7:15  Marine  
  94  7:16  Marauder x2  
  94  7:18  Combat Shield  
  94  7:19  SCV  
  94  7:20  SCV  
  94  7:22  Supply Depot  
  101  7:24  Supply Depot  
  101  7:26  Marine x2  
  101  7:27  Widow Mine x2  
  101  7:28  Marauder  
  109  7:30  Marine  
  108  7:40  Ghost  
  108  7:43  Medivac x2, Ghost  
  115  7:45  Marine  
  115  7:47  Marine  
  115  7:49  Marauder  
  119  7:52  Marine  
  119  7:54  Marine  
  119  7:55  Missile Turret  
  119  7:56  Supply Depot x2  
  118  7:59  Widow Mine x2  
  118  8:01  Missile Turret  
  121  8:08  Barracks  
  121  8:10  Barracks, Marauder x2  
  122  8:15  Marine  
  122  8:16  Marauder  
  122  8:19  Marine  
  117  8:27  Marine  
  117  8:29  Marine  
  117  8:32  Marauder  
  117  8:34  SCV  
  122  8:36  SCV x2  
  122  8:37  Marauder, Marine  
  123  8:42  Medivac  
  123  8:44  Medivac  
  123  8:46  SCV  
  126  8:53  Widow Mine x2  
  132  8:58  SCV, Marauder, Marine x2  
  132  9:00  Marine  
  132  9:01  Marauder  
  138  9:03  Barracks Tech Lab x2  
  138  9:08  Marine  
  138  9:09  Marauder  
  141  9:14  Medivac x2  
  141  9:15  Marine  
  145  9:19  Marauder  
  145  9:20  Marine  
  145  9:21  SCV  
  145  9:22  Marauder  
  149  9:33  Supply Depot  
  149  9:35  Supply Depot, Command Center, Refinery x2  
  149  9:36  Marine  
  149  9:37  Marauder  
  152  9:42  Supply Depot  
  152  9:43  Marauder, Marine  
  152  9:44  Widow Mine  
  157  9:49  Supply Depot  
  157  9:55  Widow Mine, Marauder  
  160  10:02  Marine  
  160  10:03  Marauder  
  160  10:05  Marine  
  160  10:06  SCV, Marauder  
  163  10:07  SCV x2  
  163  10:10  Marauder, Marine  
  163  10:11  Marauder  
  167  10:18  Terran Infantry Armor Level 2, Terran Infantry Weapons Level 2  
  167  10:19  Terran Ship Weapons Level 1  
  167  10:21  Marine  
  167  10:22  SCV, Marauder  
  167  10:26  Bunker  
  166  10:40  Marauder, Marine  
  166  10:41  Marauder, Marine  
  160  10:43  Marine  
  160  10:44  Marauder, Marine  
  160  10:45  Widow Mine x2  
  160  10:46  SCV  
  160  10:47  Marauder  
  160  10:48  SCV  
  168  10:58  Marine  
  168  11:02  Marauder, Marine  
  168  11:04  Marauder, Marine  
  172  11:05  SCV x2  
  172  11:06  Starport  
  172  11:10  SCV  
  172  11:11  Medivac  
  180  11:14  Marine  
  180  11:15  Marauder  
  183  11:19  Marauder, Marine  
  184  11:29  Marauder, Marine  
  160  11:34  Marine  
  160  11:35  Marauder  
  160  11:38  Marine  
  160  11:39  Marauder  
  154  11:40  Marauder, Marine  
  154  11:41  Marauder  
  154  11:46  SCV, Marine  
  158  11:47  Medivac  
  158  11:49  Planetary Fortress  
  158  11:50  SCV, Marauder  
  158  11:51  SCV  
  158  11:52  Marine  
  164  12:00  SCV, Marauder, Marine  
  150  12:12  Marine  
  150  12:13  Marauder  
  150  12:15  Marauder, Marine  
  148  12:16  SCV  
  148  12:17  SCV  
  157  12:23  SCV  
Tags
 
Add a new tag
Caveats
  • Supply blocks, unpowered buildings, or Contaminate may cause inaccurate times.
  • Supply counts are checked every 10 seconds.